 Dungeon Crawl Stone Soup version 0.31-a0-152-g6aa68a64a1 (webtiles) character file.

Game seed: 322301925550305249

23 Atlas the Firebug (level 2, -5/19 HPs)
             Began as a Demonspawn Fire Elementalist on June 10, 2023.
             Killed by divine providence
             ... invoked by an orc priest
              (12 damage)
             ... on level 2 of the Dungeon.
             The game lasted 00:01:15 (1112 turns).

Atlas the Firebug (Demonspawn Fire Elementalist)    Turns: 1112, Time: 00:01:16

Health: -5/19      AC:  3    Str:  6 (8)  XL:     2   Next: 72%
Magic:  3/5        EV: 11    Int: 13 (16) God:
Gold:   80         SH:  4    Dex: 10 (13) Spells: 2/5 levels left

rFire   . . .        c - +2 dagger (venom)
rCold   . . .        (no shield)
rNeg    . . .        e - +0 leather armour
rPois   .            (no helmet)
rElec   .            (no cloak)
rCorr   .            (no gloves)
SInv    .            (no boots)
Will    .....        (no amulet)
Stlth   ++           (no ring)
HPRegen 0.23/turn    (no ring)
MPRegen 0.09/turn

%: no passive effects
@: no status effects
A: condensation shield
a: no special abilities


You were on level 2 of the Dungeon.
You visited 1 branch of the dungeon, and saw 2 of its levels.

You collected 80 gold pieces.

Inventory:

Hand Weapons
 c - a +2 dagger of venom (weapon)
Armour
 e - a +0 leather armour (worn)
Scrolls
 d - a scroll of enchant weapon {unknown}
 f - a scroll of identify {unknown}
Potions
 a - a potion of degeneration
 b - 2 potions of magic
 g - a potion of might {unknown}


   Skills:
 + Level 0.4 Short Blades
 + Level 0.2 Armour
 + Level 2.1 Dodging
 + Level 2.0 Stealth
 + Level 2.1 Spellcasting
 + Level 1.0 Conjurations
 + Level 3.0 Fire Magic


You had 2 spell levels left.
You knew the following spells:

 Your Spells              Type           Power      Damage    Failure   Level
a - Scorch                Fire           18%        2d5       17%         2
b - Foxfire               Conj/Fire      24%        2x1d5     17%         1

Your spell library contained the following spells:

 Spells                   Type           Power      Damage    Failure   Level
 Inner Flame              Hex/Fire       5%         N/A       54%         3
 Volatile Blastmotes      Fire/Tloc      10%        2d10      54%         3
 Flame Wave               Conj/Fire      6%         2d5       86%         4


Dungeon Overview and Level Annotations

Branches:
Dungeon (2/15)

Altars:


Innate Abilities, Weirdness & Mutations

A meltable shield of frost defends you. (SH +4)


Message History

(D) Dungeon
Where to? (? - help)
There is a stone staircase leading down here.
You climb downwards.
Found a fizzy white potion, a leather armour and a silvery potion.
There is a stone staircase leading up here.
There are monsters nearby!
There are monsters nearby!
Casting: Scorch (safe; 13% risk of failure)
Confirm with . or Enter, or press ? or * to list all spells.
Flames lash the orc but do no damage.
The orc wizard shouts!
The orc wizard points at you and mumbles some strange words.
You are confused.
In your confused state, you trip and fall back down the stairs.
The orc barely misses you.
Unknown command.
Unknown command.
The orc hits you with a +0 dagger.
The orc priest hits you with a +0 hand axe.
In your confused state, you trip and fall back down the stairs.
The orc closely misses you. The orc priest closely misses you.
The orc wizard misses you. The orc hits you with a +0 dagger.
The orc priest hits you but does no damage.
In your confused state, you trip and fall back down the stairs.
You feel less confused.
The orc wizard hits you with a +0 dagger.
The orc barely misses you.
The orc priest hits you with a +0 hand axe.
Unknown command.
Unknown command.
It was a potion of degeneration.
There was something very wrong with that liquid.
You feel weakened.
You feel dopey.
You feel clumsy.
The orc wizard hits you with a +0 dagger.
You block the orc's attack.
The orc priest invokes the aid of Beogh against you.
Beogh smites you!
Ouch! That really hurt!
You die...

............#
......!.....#
.^....[.....#
#...........#
#...........#
#.!.........#
#.....goo...#
#.....o@....#
#.........###
#.........#
#.........#
###########


You could see an orc priest, an orc wizard, an orc and a hobgoblin.

Vanquished Creatures
  2 ball pythons (D:1)
  3 goblins (D:1)
  A hobgoblin (D:1)
  3 jackals (D:1)
  5 kobolds (D:1)
  2 quokkas (D:1)
  A bat (D:1)
  2 frilled lizards (D:1)
19 creatures vanquished.

Vanquished Creatures (others)
  6 foxfires (D:1)
6 creatures vanquished.

Grand Total: 25 creatures vanquished

Notes
Turn   | Place    | Note
-------+----------+-------------------------------------------
     0 | D:1      | Atlas the Demonspawn Fire Elementalist began the quest for
                  | the Orb.
     0 | D:1      | Reached XP level 1. HP: 13/13 MP: 3/3
   448 | D:1      | Gained mutation: A meltable shield of frost defends you.
                  | (SH +4) [demonic ancestry]
   448 | D:1      | Reached XP level 2. HP: 19/19 MP: 5/5
   604 | D:1      | Reached skill level 3 in Fire Magic
   705 | D:1      | Learned a level 2 spell: Scorch
  1112 | D:2      | Killed from afar by an orc priest

Illustrated notes

Levels and vault maps discovered:
D:1:      wander_arrival_lonely_grave, layout_basic
D:2:      layout_basic, uniq_robin, uniq_crazy_yiuf_cottage, uniq_terence

Skill      XL: |  1  2 |
---------------+-------+-----
Stealth        | 2 |  2.0
Fire Magic     | 3 |  3.0
Dodging        | 2 |  2.1
Short Blades   | |  0.4
Armour         | |  0.2
Spellcasting   | |  2.1
Conjurations   | |  1.0

Action                     || total
---------------------------++-------
  Melee: Dagger            ||    38
   Cast: Foxfire           ||     3
         Scorch            ||     3
    Use: Potion            ||     1
   Stab: Sleeping          ||     4
 Armour: Leather armour    ||     9
  Dodge: Dodged            ||    16
  Block: Other             ||     8

Table legend: (Time is in decaauts)
 A = Elapsed time spent in this place.
 B = Non-inter-level travel time spent in this place.
 C = Inter-level travel time spent in this place.
 D = Time resting spent in this place.
 E = Time spent auto-exploring this place.
 F = Levels seen in this place.
 G = Mean time per level.
                   A        B        C        D        E       F      G
               +--------+--------+--------+--------+--------+-----+--------+
         Total |   1110 |   1071 |     39 |      0 |    884 |   2 |  555.0 |
       Dungeon |   1110 |   1071 |     39 |      0 |    884 |   2 |  555.0 |
               +--------+--------+--------+--------+--------+-----+--------+

Top non-repeatable levels by time:
     D:1: 1103 daAuts
     D:2: 7 daAuts
